 Dungeon Crawl Stone Soup version 0.17.0 (webtiles) character file.

2337 tetracat the Nimble (level 9, -15/67 HPs)
             Began as a Halfling Assassin on Nov 10, 2015.
             Was an Initiate of Gozag.
             Demolished by an ogre
             ... wielding a +0 giant club
              (25 damage)
             ... on level 7 of the Dungeon.
             The game lasted 00:17:23 (7588 turns).

tetracat the Nimble (Halfling Assassin)             Turns: 7588, Time: 00:17:23

Health: -15/67     AC:  4    Str: 11    XL:     9   Next: 70%
Magic:  9/9        EV: 22    Int: 10    God:    Gozag
Gold:   323        SH:  0    Dex: 19    Spells: 0 memorised, 8 levels left

rFire  . . .     SeeInvis .     b - +0 blowgun
rCold  . . .     Clarity  .     c - +0 robe
rNeg   . . .     SustAt   .     (shield restricted)
rPois  .         Gourm    .     (no helmet)
rElec  .         Spirit   .     d - +0 cloak
rCorr  .         Warding  .     (no gloves)
rMut   .         Stasis   .     x - +0 pair of boots
MR     .....                    (no amulet)
Stlth  ++++......               (no ring)
                                m - ring of stealth

@: lethally poisoned (-15 -> -15), not resistant to hostile enchantments,
stealthy
A: mutation resistance 1
a: Potion Petition, Call Merchant, Bribe Branch, Renounce Religion


You were on level 7 of the Dungeon.
You worshipped Gozag.
Gozag was noncommittal.
You were hungry.

You visited 1 branch of the dungeon, and saw 7 of its levels.
You also visited: Sewer.

You collected 669 gold pieces.
You spent 284 gold pieces at shops.
You paid 62 gold pieces to Gozag.

Inventory:

Hand Weapons
 a - a +0 short sword of venom
 b - a +0 blowgun (weapon)
 j - the +1 blowgun of Inaawnab {evade, rElec Int+7 Dex-3 SInv}
   (You found it in a sewer)

   It affects your evasion (+5 to EV).
   It affects your intelligence (+7).
   It affects your dexterity (-3).
   It insulates you from electricity.
   It lets you see invisible.
 u - a +2 vampiric short sword
 H - a +0 dagger of freezing
Missiles
 f - 9 curare-tipped needles
 q - 14 poisoned needles (quivered)
Armour
 c - a +0 robe (worn)
 d - a +0 cloak (worn)
 r - a +0 shield
 x - a +0 pair of boots (worn)
Jewellery
 m - a ring of stealth (left hand)
Wands
 t - a wand of disintegration (10)
Scrolls
 g - 2 scrolls of magic mapping
 n - a scroll of fear {unknown}
 o - 4 scrolls of identify
 p - a scroll of random uselessness {unknown}
 v - 2 scrolls of immolation {unknown}
 w - 5 scrolls of teleportation
 y - 2 scrolls of noise {unknown}
 G - a scroll of fog {unknown}
 I - a scroll of amnesia
Potions
 e - a potion of mutation {unknown}
 i - a potion of lignification {unknown}
 l - 3 potions of flight
 s - a potion of curing {unknown}
 z - a potion of might {unknown}
 A - a potion of brilliance {unknown}
 B - 2 potions of haste {unknown}
 D - 2 potions of berserk rage {unknown}
 E - 2 potions of heal wounds {unknown}
Books
 h - a book of Party Tricks

   Spells                             Type                      Level
   a - Summon Butterflies             Summoning                    1
   b - Apportation                    Translocation                1
   c - Tukima's Dance                 Hexes                        3
   d - Alistair's Intoxication        Transmutation/Poison         4
   e - Invisibility                   Hexes                        6
Comestibles
 C - 2 bread rations
 F - 2 meat rations


   Skills:
 - Level 8.4 Fighting
 - Level 4.0 Short Blades
 - Level 2.1 Throwing
 + Level 8.9 Dodging
 - Level 4.3 Stealth


You had 8 spell levels left.
You didn't know any spells.

Dungeon Overview and Level Annotations

Branches:
Dungeon (7/15)
 Temple: D:4-7

Altars:
Fedhas
Gozag
Nemelex Xobeh
Yredelemnul
Zin
The Shining One

Shops:
D:4 (*=*[   D:7 %

Annotations:
D:4 tetracat's ghost, novice HaAs
D:7 exclusion: player ghost, Demise's ghost, novice DDSk


Innate Abilities, Weirdness & Mutations

You are small and have problems with some larger weapons.
You are somewhat resistant to further mutation.


Message History

Your +0 short sword of venom stops dripping with poison.
b - a +0 blowgun (weapon)
Firing (i - inventory. (,) - cycle):
q - 16 poisoned needles (quivered)
Press: ? - help, Shift-Dir - straight line, f - ogre
Aim: an ogre, wielding a giant club You shoot a poisoned needle.
The poisoned needle hits the ogre!
The ogre is poisoned.
You feel sick. The ogre closely misses you.
Firing (i - inventory. (,) - cycle):
q - 15 poisoned needles (quivered)
Press: ? - help, Shift-Dir - straight line, f/p - ogre
Aim: an ogre, wielding a giant club (lightly wounded, poisoned)
You shoot a poisoned needle. The poisoned needle hits the ogre!
The ogre looks even sicker.
The ogre is lightly wounded.
The ogre hits you with a giant club!!
* * * LOW HITPOINT WARNING * * *
You hear a shout!
As you open the door, it creaks loudly!
You feel sick. The ogre hits you with a giant club!!
You die...
Your body crumbles into a pile of gold.

#.o#..#.# #..#..####
######..#.....#
........##.##.#
..............# ######
.......##$..### .....#
............+ .....#
...######...#####.....#
... #.......$oO@.....#
+# #.###.######.....#
.. #......#+####### ##
#..............#
#..............#
#..............#
#..............#
#......#.######
#..∩...#.############


You could see an orc warrior and an ogre.

Vanquished Creatures
  Pikel (D:6)
  Sigmund (D:5)
  Eustachio (D:5)
  Menkaure (D:4)
  A water moccasin (D:7)
  Duvessa (D:5)
  An orc warrior (D:6)
  2 ogres
  3 slaves (D:6)
  2 phantoms
  A giant frog (Sewer)
  Dowan (D:5)
  A crimson imp (D:5)
  2 jellies
  Crazy Yiuf (D:2)
  3 giant frog skeletons
  4 hounds
  4 worker ants
  2 orc wizards (D:5)
  An iguana (D:6)
  A hound skeleton (D:4)
  A worker ant zombie (D:6)
  7 adders
  A shadow imp (D:5)
  2 river rats (D:3)
  An adder skeleton (D:7)
  2 worms
  6 giant geckos
  8 orcs
  6 ball pythons
  4 hobgoblins
  9 jackals
  7 kobolds
  5 bats
  8 giant cockroaches
  A giant gecko zombie (D:5)
  7 giant newts
  13 goblins
  A jackal skeleton (D:6)
  10 rats
134 creatures vanquished.

Vanquished Creatures (others)
  A slave (D:6)
  A worker ant (D:6)
2 creatures vanquished.

Grand Total: 136 creatures vanquished

Notes
Turn   | Place    | Note
--------------------------------------------------------------
     0 | D:1      | tetracat the Halfling Assassin began the quest for the Orb.
     0 | D:1      | Reached XP level 1. HP: 14/14 MP: 1/1
   228 | D:1      | Reached XP level 2. HP: 19/19 MP: 2/2
   761 | D:1      | Reached XP level 3. HP: 24/24 MP: 3/3
  1728 | D:2      | Found a glowing silver altar of Zin.
  1763 | D:2      | Noticed Crazy Yiuf
  1769 | D:2      | Killed Crazy Yiuf
  1769 | D:2      | Reached XP level 4. HP: 30/30 MP: 4/4
  2267 | D:3      | Found a sparkling altar of Nemelex Xobeh.
  2283 | D:3      | Reached XP level 5. HP: 36/36 MP: 5/5
  2296 | D:3      | Found a glowing drain.
  2300 | Sewer    | Entered a sewer
  2594 | Sewer    | Reached XP level 6. HP: 14/42 MP: 6/6
  2596 | Sewer    | Got a crude blowgun
  2600 | Sewer    | Identified the cursed +1 blowgun of Inaawnab {evade, rElec Int+7 Dex-3 SInv} (You found it in a sewer)
  3091 | D:3      | Found a glowing golden altar of the Shining One.
  3379 | D:4      | Found Gozag's Platinum Reserve.
  3412 | D:4      | Found an opulent altar of Gozag.
  3465 | D:4      | Noticed tetracat's ghost (novice HaAs)
  3497 | D:4      | Became a worshipper of Gozag Ym Sagoz the Greedy
  3520 | D:4      | Found Gudgh's Jewellery Shoppe.
  3534 | D:4      | Found Nestron's Assorted Antiques.
  3542 | D:4      | Bought a scroll of teleportation for 60 gold pieces
  3627 | D:4      | Found Cucrok's Antique Armour Shop.
  3681 | D:4      | Found Edyi's Food Shoppe.
  3689 | D:4      | Bought a slice of pizza for 21 gold pieces
  3689 | D:4      | Bought a slice of pizza for 21 gold pieces
  3842 | D:4      | Found Kerrudi's Weapon Emporium.
  4047 | D:4      | Noticed Menkaure
  4050 | D:4      | Killed Menkaure
  4050 | D:4      | Reached XP level 7. HP: 46/49 MP: 7/7
  4109 | D:4      | Reached skill level 5 in Fighting
  4217 | D:5      | Entered Level 5 of the Dungeon
  4222 | D:5      | Found a basalt altar of Yredelemnul.
  4230 | D:5      | Noticed Dowan
  4231 | D:5      | Noticed Duvessa
  4291 | D:5      | Killed Duvessa
  4291 | D:5      | Reached skill level 6 in Fighting
  4296 | D:5      | Killed Dowan
  4479 | D:5      | Found a blossoming altar of Fedhas.
  4636 | D:6      | Noticed Pikel
  4697 | D:6      | Reached XP level 8. HP: 58/58 MP: 8/8
  4818 | D:6      | Paralysed by Pikel for 7 turns
  4830 | D:6      | Paralysed by Pikel for 6 turns
  4839 | D:6      | Killed Pikel
  4839 | D:6      | Reached skill level 8 in Fighting
  5415 | D:6      | Reached skill level 5 in Dodging
  5415 | D:6      | Reached XP level 9. HP: 67/67 MP: 9/9
  5490 | D:5      | HP: 3/67 [acid (4)]
  5938 | D:5      | Noticed Eustachio
  5975 | D:5      | Killed Eustachio
  6698 | D:5      | Noticed Sigmund
  6705 | D:5      | Killed Sigmund
  6829 | D:4      | Bought a beef jerky for 21 gold pieces
  6829 | D:4      | Bought a beef jerky for 21 gold pieces
  6829 | D:4      | Bought a bread ration for 70 gold pieces
  6829 | D:4      | Bought a meat ration for 70 gold pieces
  7502 | D:7      | Noticed Demise's ghost (novice DDSk)
  7517 | D:7      | Found Raugaeh's Food Shop.
  7588 | D:7      | Demolished by an ogre

Action                   |  1- 3 |  4- 6 |  7- 9 || total
-------------------------+-------+-------+-------++-------
Melee: Dagger            |    28 |       |   388 ||   416
       Short sword       |    65 |   115 |    78 ||   258
 Fire: Blowgun           |     6 |       |    46 ||    52
  Use: Scroll            |     2 |     1 |     5 ||     8
 Stab: Sleeping          |    15 |    10 |    14 ||    39
       Distracted        |       |     1 |     4 ||     5
  Eat: Bread ration      |     1 |       |     1 ||     2
       Chunk             |     3 |     4 |       ||     7
       Pizza             |       |     2 |       ||     2
       Meat ration       |       |     1 |       ||     1
       Beef jerky        |       |       |     3 ||     3
       Royal jelly       |       |       |     1 ||     1
